 Dungeon Crawl Stone Soup version 0.25-a0-657-ge95d391c20 (webtiles) character file.

Game seed: 7653732357055765268, levelgen mode: deterministic

15518 MisterFreud the Nimble (level 12, -5/58 HPs)
             Began as a Felid Skald on Mar 21, 2020.
             Was a Follower of Uskayaw.
             Slain by a blink frog (16 damage)
             ... on level 5 of the Lair of Beasts on Mar 22, 2020.
             The game lasted 01:00:29 (18345 turns).

MisterFreud the Nimble (Felid Skald)               Turns: 18345, Time: 01:00:30

Health: -5/58      AC:  3    Str:  7    XL:     12   Next: 1%
Magic:  17/22      EV: 32    Int: 18    God:    Uskayaw [*.....]
Gold:   739        SH:  0    Dex: 22    Spells: 9/23 levels left
                                        Lives:  0   Deaths: 3

rFire    . . .     SeeInvis +     - Unarmed
rCold    + . .     Gourm    .   (shield unavailable)
rNeg     . . .     Faith    .   (armour unavailable)
rPois    .         Spirit   .   (helmet unavailable)
rElec    .         Reflect  .   (cloak unavailable)
rCorr    +         Harm     .   (gloves unavailable)
MR       +....                  (boots unavailable)
Stlth    ++++......             v - amulet of regeneration
HPRegen  0.59/turn              i - +5 ring of dexterity
MPRegen  0.18/turn              s - ring of resist corrosion

@: blade paws (expiring), quick
A: very small, no armour, no weapons or thrown items, stealth, claws 1, fangs 3,
see invisible, carnivore, speed 1, shaggy fur 3, slow metabolism 1
a: End Transformation, Stomp, Renounce Religion


You were on level 5 of the Lair of Beasts.
You worshipped Uskayaw.
Uskayaw was noncommittal.
You were completely stuffed.
You had blades for front paws.
You visited 3 branches of the dungeon, and saw 17 of its levels.
You also visited: Sewer.

You collected 739 gold pieces.

Inventory:

Jewellery
 i - a +5 ring of dexterity (left scythe-like blade)
 s - a ring of resist corrosion (right scythe-like blade)
 v - an amulet of regeneration (around neck)
 w - a cursed amulet of inaccuracy {unknown}
 E - an uncursed ring of fire
Wands
 t - a wand of disintegration (9)
 C - a wand of digging (3)
 F - a wand of iceblast (16)
 I - a wand of acid (15)
 K - a wand of flame (20)
Scrolls
 a - 7 scrolls of remove curse
 g - 6 scrolls of amnesia
 h - 4 scrolls of magic mapping
 k - 2 scrolls of fog
 l - 7 scrolls of teleportation
 p - a scroll of blinking
 r - 2 scrolls of summoning
 y - a scroll of fear {unknown}
 A - a scroll of enchant armour {unknown}
 G - a scroll of silence
 H - a scroll of noise {unknown}
 J - 2 scrolls of identify
 L - a scroll of immolation {unknown}
Potions
 c - a potion of heal wounds
 d - a potion of flight
 e - 2 potions of brilliance
 f - 2 potions of lignification
 j - 3 potions of might
 m - 3 potions of stabbing
 n - 4 potions of haste
 o - 3 potions of magic
 q - 2 potions of mutation
 u - a potion of invisibility
 x - 2 potions of ambrosia
 z - 2 potions of degeneration
 B - 9 potions of curing
Miscellaneous
 D - a crystal ball of energy
Comestibles
 b - 37 rations
 M - 7 chunks of flesh


   Skills:
 - Level 10.0 Fighting
 + Level 13.1 Dodging
 + Level 8.9 Stealth
 - Level 10.0 Unarmed Combat
 - Level 6.0 Spellcasting
 - Level 3.6 Charms
 - Level 10.0 Transmutations
 - Level 6.0 Invocations
 - Level 6.0 Evocations


You had 9 spell levels left.
You knew the following spells:

 Your Spells              Type           Power        Failure   Level  Hunger
b - Shroud of Golubria    Chrm/Tloc      ##....       43%         2    None
c - Ozocubu's Armour      Chrm/Ice       ##......     58%         3    ##.....
d - Apportation           Tloc           #.....       50%         1    None
e - Spider Form           Tmut/Pois      ###.......   32%         3    ##.....
f - Blade Hands           Tmut           #####.....   34%         5    #####..

Your spell library contained the following spells:

 Spells                   Type           Power        Failure   Level  Hunger
 Beastly Appendage        Tmut           #####.       9%          1    None
 Sticks to Snakes         Tmut           #####...     10%         2    None
 Infusion                 Chrm           ###.         24%         1    None
 Song of Slaying          Chrm           ###.....     30%         2    None
 Animate Skeleton         Necr           N/A          50%         1    None
 Corona                   Hex            #......      50%         1    None
 Summon Small Mammal      Summ           #...         50%         1    None
 Ice Form                 Ice/Tmut       ###.....     56%         4    ####...
 Poisonous Vapours        Pois/Air       #.....       61%         2    None
 Conjure Flame            Conj/Fire      #.......     77%         3    ##.....
 Mephitic Cloud           Conj/Pois/Air  #.......     77%         3    ##.....
 Freezing Cloud           Conj/Ice/Air   #.........   100%        6    #######
 Ring of Flames           Chrm/Fire      ##........   100%        7    #######
 Spectral Weapon          Hex/Chrm       Unusable     N/A         3    N/A

Dungeon Overview and Level Annotations

Branches:
Dungeon (10/15)            Temple (1/1) D:4            Lair (6/6) D:10
  Swamp (0/4) Lair:2       Spider (0/4) Lair:2          Orc (0/2) D:9
  Sewer (visited)
  Slime: Lair:5-6

Altars:
Ashenzari
Cheibriados
Elyvilon
Fedhas
Gozag
Hepliaklqana
Nemelex Xobeh
Okawaru
Qazlal
Ru
Trog
Uskayaw
Vehumet
Zin
The Shining One

Annotations:
D:10 Fannar


Innate Abilities, Weirdness & Mutations

You cannot wear armour.
You are incapable of wielding weapons or throwing items.
Your paws allow you to move quietly. (Stealth)
You have sharp claws.
You have razor-sharp teeth.
You have supernaturally acute eyesight. (SInv)
You are carnivorous and can eat meat at any time.
You cover ground quickly.
Your thick and shaggy fur keeps you warm. (AC +3, rC+)
You have a slow metabolism.
((Your sharp claws are effective at attacking unaware monsters.))


Message History

The blink frog is moderately wounded.
The blink frog hits you!
Your shroud falls apart!
The blink frog blinks! x2; The blink frog closely misses you.
You are too injured to fight recklessly!
The blink frog blinks!
The spiny frog misses you. The blink frog completely misses you.
The blink frog blinks! x2
Your transformation is almost over.
You closely miss the blink frog. Your bite misses the blink frog.
The blink frog closely misses you. The spiny frog completely misses you.
The blink frog blinks!
The blink frog completely misses you.
You slash the blink frog!
The blink frog is moderately wounded.
The spiny frog stings you!!
* * * LOW HITPOINT WARNING * * *
The blink frog closely misses you. The blink frog barely misses you.
The blink frog closely misses you.
The blink frog blinks!
The blink frog hits you!
You die...

##.##..#.#####.P##..##..
##.......................
##........................
##.........................
####.....#PF..P.....##..###...
#.#...........##...#..###..#..
##......###........##..###.....
#........#.....................
##........#.§FF@.##.............
##............F...#...#..........
......#....>...#F##.<....##....##
....#.##.....####.#...#...#######
...#.###....###P.#...###.######P#
.^...##.+...###..#...#..........#
.#....#...####..#................
.###..+.8..#....#................
.####.÷...b.#...#...#...P##......


You could see a spiny frog and 4 blink frogs.

Vanquished Creatures
  3 hydras
  7 death yaks
  7 elephants
  A torpor snail (Lair:4)
  14 spiny frogs
  2 black mambas
  Maggie (D:10)
  A rime drake (Lair:4)
  5 komodo dragons
  A demonic crawler (Lair:2)
  A tyrant leech (Lair:5)
  4 polar bears (Lair:4)
  2 blink frogs
  7 dream sheep (Lair:4)
  3 hippogriffs
  2 wyverns
  19 yaks
  2 wraiths (D:10)
  5 vampire mosquitoes
  2 basilisks (Lair:4)
  3 hungry ghosts
  2 wargs
  9 porcupines
  3 water moccasins
  2 orc warriors
  2 sky beasts
  A necrophage (D:9)
  An ice beast (D:8)
  2 black bears
  3 ogres
  8 crocodiles
  25 bullfrogs
  A wyvern zombie (D:7)
  11 scorpions
  3 wights (D:10)
  An electric eel (Lair:2)
  4 crimson imps
  A bullfrog zombie (D:6)
  A quasit (D:8)
  4 orc priests
  A jelly (D:9)
  A centaur zombie (D:9)
  3 hounds
  7 orc wizards
  3 bullfrog skeletons
  Jessica (D:2)
  3 iguanas
  Ijyb (D:2)
  Terence (D:2)
  7 worker ants
  2 hound zombies
  A hound skeleton (D:4)
  2 worker ant zombies
  3 gnolls (D:6)
  12 adders
  3 oozes
  An adder skeleton (D:2)
  4 worms
  2 dart slugs
  2 leopard geckos
  33 orcs
  2 ball pythons
  15 giant cockroaches
  12 goblins
  2 hobgoblins
  8 jackals
  3 quokkas
  11 bats
  5 frilled lizards
  A jackal skeleton (D:7)
  A jackal zombie (D:8)
  9 kobolds
  A leopard gecko skeleton (D:5)
  A quokka skeleton (D:4)
  A quokka zombie (D:5)
  11 rats
352 creatures vanquished.

Vanquished Creatures (others)
  9 fungi
  11 plants
20 creatures vanquished.

Grand Total: 372 creatures vanquished

Notes
Turn   | Place    | Note
-------+----------+-------------------------------------------
     0 | D:1      | MisterFreud the Felid Skald began the quest for the Orb.
     0 | D:1      | Reached XP level 1. HP: 9/9 MP: 4/4
   532 | D:1      | Reached XP level 2. HP: 11/13 MP: 6/6
   742 | D:1      | Learned a level 2 spell: Shroud of Golubria
  1208 | D:2      | Reached XP level 3. HP: 17/17 MP: 1/7
  1220 | D:2      | Noticed Ijyb
  1234 | D:2      | Paralysed by Ijyb for 2 turns
  1254 | D:2      | Killed Ijyb
  1523 | D:2      | Reached XP level 4. HP: 16/22 MP: 2/8
  1527 | D:2      | Reached skill level 1 in Stealth
  2199 | D:2      | Noticed Jessica
  2397 | D:2      | Killed Jessica
  2458 | D:2      | Noticed Terence
  2761 | D:2      | Killed Terence
  2761 | D:2      | Reached skill level 4 in Dodging
  2761 | D:2      | Reached XP level 5. HP: 25/25 MP: 9/9
  2966 | D:3      | Found a glowing drain.
  3502 | Sewer    | Entered a sewer
  3736 | Sewer    | Noticed a crocodile
  3866 | D:4      | Gained mutation: You are covered in thick fur. (AC +2)
                  | [Felid growth]
  3866 | D:4      | Reached XP level 6. HP: 19/28 MP: 10/10
  3969 | D:4      | Learned a level 3 spell: Ozocubu's Armour
  3983 | D:4      | Reached skill level 5 in Dodging
  4063 | D:4      | Found a staircase to the Ecumenical Temple.
  4069 | Temple   | Entered the Ecumenical Temple
  4154 | Temple   | Became a worshipper of Uskayaw the Reveler
  4320 | D:4      | Reached * piety under Uskayaw
  4326 | D:4      | Reached ** piety under Uskayaw
  4940 | D:5      | Entered Level 5 of the Dungeon
  4960 | D:5      | Reached skill level 6 in Dodging
  5150 | D:5      | Found a glowing silver altar of Zin.
  5169 | D:5      | Reached XP level 7. HP: 32/32 MP: 11/11
  5180 | D:5      | Learned a level 1 spell: Apportation
  5314 | D:5      | Learned a level 3 spell: Spider Form
  5731 | D:6      | Reached skill level 5 in Stealth
  5857 | D:6      | You fall into a shaft and drop 2 floors!
  5894 | D:8      | Noticed a hungry ghost
  5919 | D:8      | Killed a hungry ghost
  5919 | D:8      | Reached skill level 1 in Transmutations
  5919 | D:8      | Reached *** piety under Uskayaw
  6535 | D:8      | Reached skill level 7 in Dodging
  6800 | D:8      | Reached XP level 8. HP: 36/36 MP: 5/12
  7030 | D:6      | Reached skill level 5 in Fighting
  7100 | D:6      | Reached skill level 5 in Unarmed Combat
  8319 | D:7      | Reached skill level 8 in Dodging
  8854 | D:8      | Reached XP level 9. HP: 28/41 MP: 10/14
  9306 | D:9      | Identified the cursed +1 longbow of the Traitor {venom,
                  | +Fly Str+3}
  9347 | D:9      | Found a staircase to the Orcish Mines.
  9376 | D:9      | Reached skill level 9 in Dodging
  9376 | D:9      | Reached skill level 5 in Transmutations
  9547 | D:9      | Learned a level 5 spell: Blade Hands
  9713 | D:9      | Found a white marble altar of Elyvilon.
  9721 | D:9      | Reached skill level 10 in Dodging
 11341 | D:10     | Entered Level 10 of the Dungeon
 11356 | D:10     | Noticed Fannar
 11497 | D:10     | Reached skill level 5 in Spellcasting
 11733 | D:10     | Noticed Maggie
 11807 | D:10     | Reached XP level 10. HP: 38/45 MP: 12/19
 11807 | D:10     | Reached **** piety under Uskayaw
 11924 | D:10     | Found a staircase to the Lair.
 12392 | D:10     | Reached ***** piety under Uskayaw
 12478 | D:10     | Killed Maggie
 12557 | Lair:1   | Entered Level 1 of the Lair of Beasts
 12557 | Lair:1   | Noticed a spiny frog
 12564 | Lair:1   | Killed a spiny frog
 12587 | Lair:1   | HP: 2/45 [porcupine's spines (12)]
 12587 | Lair:1   | Mangled by a porcupine
 12588 | Lair:1   | Reached XP level 9. HP: -11/41 MP: 18/19
 12750 | Lair:1   | Reached skill level 10 in Transmutations
 12757 | Lair:1   | Reached skill level 1 in Invocations
 12958 | Lair:1   | Reached XP level 10. HP: 45/45 MP: 20/20
 13593 | Lair:2   | Noticed a spiny frog
 13593 | Lair:2   | Noticed an eight-headed hydra
 13779 | Lair:2   | Killed a spiny frog
 13843 | Lair:2   | Found a staircase to the Swamp.
 13913 | Lair:2   | Noticed a spiny frog
 13920 | Lair:2   | Killed a spiny frog
 13920 | Lair:2   | Reached skill level 5 in Invocations
 13990 | Lair:2   | Noticed a five-headed hydra
 14026 | Lair:2   | Killed a five-headed hydra
 14133 | Lair:2   | Found a hole to the Spider Nest.
 14345 | Lair:2   | Noticed a spiny frog
 14352 | Lair:2   | Noticed a spiny frog
 14355 | Lair:2   | Killed a spiny frog
 14359 | Lair:2   | Killed a spiny frog
 14360 | Lair:2   | Noticed a spiny frog
 14365 | Lair:2   | Noticed a black mamba
 14374 | Lair:2   | Killed a black mamba
 14374 | Lair:2   | Reached XP level 11. HP: 38/49 MP: 10/21
 14381 | Lair:3   | Noticed a death yak
 14381 | Lair:3   | Noticed a death yak
 14385 | Lair:3   | HP: 2/49 [spiny frog (21)]
 14386 | Lair:3   | Noticed a death yak
 14687 | Lair:3   | Reached skill level 1 in Evocations
 14936 | Lair:3   | Reached skill level 11 in Dodging
 14987 | Lair:2   | Killed an eight-headed hydra
 15163 | Lair:3   | Noticed a death yak
 15163 | Lair:3   | Noticed a death yak
 15334 | Lair:3   | Noticed a death yak
 15339 | Lair:3   | Killed a death yak
 15631 | Lair:4   | Reached skill level 5 in Evocations
 15695 | Lair:4   | Mangled by a dream sheep
 15696 | Lair:4   | Reached XP level 10. HP: -11/48 MP: 10/20
 15705 | Lair:4   | Noticed a torpor snail
 15705 | Lair:4   | Noticed a death yak
 15722 | Lair:4   | Killed a torpor snail
 15727 | Lair:4   | Killed a death yak
 15727 | Lair:4   | Reached XP level 11. HP: 4/51 MP: 17/21
 15730 | Lair:4   | Reached skill level 12 in Dodging
 16072 | Lair:4   | Slain by a dream sheep
 16073 | Lair:4   | Reached XP level 10. HP: -5/49 MP: 7/20
 16075 | Lair:4   | Upgraded the game from 0.25-a0-647-gd602d06ee1 to
                  | 0.25-a0-657-ge95d391c20
 16075 | Lair:4   | Noticed a black mamba
 16088 | Lair:4   | Killed a black mamba
 16596 | Lair:4   | Noticed a four-headed hydra
 16610 | Lair:4   | Killed a four-headed hydra
 16610 | Lair:4   | Reached XP level 11. HP: 49/53 MP: 21/21
 16664 | Lair:4   | Noticed a death yak
 16665 | Lair:4   | Noticed a death yak
 16701 | Lair:4   | Noticed a death yak
 16702 | Lair:4   | Noticed a death yak
 16702 | Lair:4   | Noticed a death yak
 17498 | Lair:4   | Killed a death yak
 17498 | Lair:4   | Reached skill level 10 in Fighting
 17498 | Lair:4   | Reached skill level 10 in Unarmed Combat
 17503 | Lair:4   | Killed a death yak
 17508 | Lair:4   | Killed a death yak
 17514 | Lair:4   | Reached ****** piety under Uskayaw
 17515 | Lair:4   | Killed a death yak
 17516 | Lair:4   | Killed a death yak
 17871 | Lair:6   | Entered Level 6 of the Lair of Beasts
 17935 | Lair:6   | Noticed a death yak
 17935 | Lair:6   | Noticed a death yak
 17935 | Lair:6   | Noticed a death yak
 17935 | Lair:6   | Noticed a death yak
 17935 | Lair:6   | Noticed a death yak
 17935 | Lair:6   | Noticed a death yak
 18233 | Lair:5   | Reached skill level 13 in Dodging
 18242 | Lair:5   | Gained mutation: Your thick and shaggy fur keeps you warm.
                  | (AC +3, rC+) [Felid growth]
 18242 | Lair:5   | Reached XP level 12. HP: 13/58 MP: 12/22
 18345 | Lair:5   | Slain by a blink frog

Levels and vault maps discovered:
D:1:      scummos_arrival_simple_fountains, layout_basic, minmay_octomino_e4
D:2:      kennysheep_the_goblin_king, layout_loops_cross, uniq_terence,
          uniq_jessica
D:3:      layout_loops_corners, gup_sewer_entry_glass, kennysheep_doodads,
          uniq_ijyb
D:4:      layout_rooms, minmay_temple_entry_enclosed_plants, first_ration,
          patterned_corridor
D:5:      layout_cave_pods, basic_altar
D:6:      layout_cave_pods
D:7:      layout_cave_pools, chequers_serial_rivers_small_3
D:8:      layout_layer_cave
D:9:      layout_stronghold, old_standard_altar, orc_0_dummy
D:10:     layout_roguey, erik_lair_orcish_takeover, uniq_maggie, uniq_fannar
Temple:   minmay_crystal_snake_temple
Lair:1:   layout_loops_ring, lemuel_fruit_tree
Lair:2:   layout_gridlike, swamp_mist_pool, nicolae_spider_entry_non_spiders,
          grunt_megastairs_5
Lair:3:   layout_concentric_octagons, minivault_23
Lair:4:   layout_regular_city, enter_volcano_4, beast_lair_carwin_8,
          grunt_megastairs_3, serial_bayou_shore_a
Lair:5:   layout_concentric_octagons, lemuel_fruit_fields, grunt_megastairs_4
Lair:6:   minmay_lair_end_frog_pond, layout_cave_pods,
          dpeg_slime_entry_enclosed_altar, maelrawn_ghost_gauntlet_escape,
          nicolae_quartered_pool_super

Skill      XL: |  1  2  3  4  5  6  7  8  9 10 11 |
---------------+----------------------------------+-----
Fighting       | 3 4 6 9 10 | 10.0
Stealth        | 2 3 4 5 6 8 |  8.9
Dodging        | 4 6 7 8 10 13 | 13.1
Unarmed Combat | 3 4 5 6 9 10 | 10.0
Transmutations | 2 4 10 9 | 10.0
Spellcasting   | 3 5 6 |  6.0
Invocations    | 3 6 |  6.0
Evocations     | 6 5 |  6.0
Charms         | |  3.6

Action                   |  1- 3 |  4- 6 |  7- 9 | 10-12 || total
-------------------------+-------+-------+-------+-------++-------
Melee: Unarmed           |   102 |   212 |   441 |   467 ||  1222
       Bite              |     5 |    20 |    42 |    56 ||   123
       Punch             |       |     4 |     8 |    16 ||    28
 Cast: Infusion          |    13 |    12 |    15 |       ||    40
       Shroud of Golubri |     9 |    17 |    25 |     7 ||    58
       Ozocubu's Armour  |       |       |    18 |     2 ||    20
       Apportation       |       |       |     4 |     1 ||     5
       Spider Form       |       |       |    14 |       ||    14
       Blade Hands       |       |       |     4 |    50 ||    54
Invok: Stomp             |       |       |       |     4 ||     4
       Grand Finale      |       |       |       |     2 ||     2
 Abil: End Transformatio |       |       |     1 |       ||     1
Evoke: Wand              |       |     3 |       |     7 ||    10
  Use: Scroll            |     3 |     2 |    10 |    11 ||    26
       Potion            |       |       |     2 |     5 ||     7
 Stab: Sleeping          |     6 |    14 |    33 |    13 ||    66
       Distracted        |     1 |       |       |       ||     1
       Paralysed         |       |     5 |     4 |    37 ||    46
  Eat: Chunk             |     9 |     7 |    39 |    37 ||    92
Armor: Skin              |     2 |    10 |    27 |    41 ||    80
Dodge: Dodged            |    65 |   195 |   386 |   475 ||  1121

Table legend:
 A = Non-vault XP
 B = Vault XP
 C = Vault XP percentage of total XP
 D = Non-vault monster count
 E = Vault monster count
 F = Vault count percentage of total count
                 A         B        C        D         E       F
            +---------+---------+-------+---------+---------+-------
      Total |   31492 |   11591 |  26.9 |     274 |      78 |  22.2
            +---------+---------+-------+---------+---------+-------
        D:1 |      18 |       4 |  18.2 |      13 |       3 |  18.8
        D:2 |     100 |     121 |  54.8 |      24 |       9 |  27.3
        D:3 |     211 |      29 |  12.1 |      38 |       3 |   7.3
        D:4 |     213 |       0 |   0.0 |      11 |       0 |   0.0
        D:5 |     309 |       0 |   0.0 |      14 |       0 |   0.0
        D:6 |     579 |       0 |   0.0 |      13 |       0 |   0.0
        D:7 |     619 |       0 |   0.0 |      17 |       0 |   0.0
        D:8 |    1353 |       0 |   0.0 |      24 |       0 |   0.0
        D:9 |    1310 |     165 |  11.2 |      23 |       1 |   4.2
       D:10 |    1950 |     907 |  31.7 |      18 |      10 |  35.7
     Lair:1 |    2044 |       0 |   0.0 |      11 |       0 |   0.0
     Lair:2 |    5646 |     744 |  11.6 |      19 |       9 |  32.1
     Lair:3 |    4318 |       0 |   0.0 |      13 |       0 |   0.0
     Lair:4 |   11319 |    4604 |  28.9 |      27 |      15 |  35.7
     Lair:5 |    1503 |    2485 |  62.3 |       9 |      11 |  55.0
     Lair:6 |       0 |    2524 | 100.0 |       0 |      12 | 100.0
      Sewer |       0 |       8 | 100.0 |       0 |       5 | 100.0
            +---------+---------+-------+---------+---------+-------
